 Dungeon Crawl Stone Soup version 0.22-a0-231-g1b571ea (webtiles) character file.

998 Azzok the Fighter (level 8, -7/58 HPs)
             Began as a Gargoyle Berserker on Feb 20, 2018.
             Was a Priest of Trog.
             Mangled by an ogre
             ... wielding a +0 giant club
              (13 damage)
             ... on level 5 of the Dungeon.
             The game lasted 00:06:34 (3454 turns).

Azzok the Fighter (Gargoyle Berserker)              Turns: 3454, Time: 00:06:34

Health: -7/58      AC: 15    Str: 22    XL:     8   Next: 19%
Magic:  8/8        EV: 11    Int:  9    God:    Trog [***...]
Gold:   188        SH:  0    Dex:  9    Spells: 7/7 levels left

rFire    + . .     SeeInvis .   a - +0 falchion
rCold    . . .     Gourm    +   (no shield)
rNeg     + . .     Faith    .   h - +0 ring mail
rPois    ∞         Spirit   .   (no helmet)
rElec    +         Reflect  .   (no cloak)
rCorr    .         Harm     .   (no gloves)
MR       .....                  (no boots)
Stlth    ..........             f - amulet of the gourmand
HPRegen  0.19/turn              e - ring of protection from fire
MPRegen  0.11/turn              m - +4 ring of protection

@: no status effects
A: negative energy resistance 1, electricity resistance, unbreathing,
petrification resistance, rot immunity, AC +5
a: Berserk, Trog's Hand, Renounce Religion


You were on level 5 of the Dungeon.
You worshipped Trog.
Trog was most pleased with you.
You were completely stuffed.

You visited 1 branch of the dungeon, and saw 5 of its levels.

You collected 188 gold pieces.

Inventory:

Hand Weapons
 a - a +0 falchion (weapon)
 x - a +0 hand axe of flaming
Missiles
 n - 9 arrows
Armour
 h - a +0 ring mail (worn)
Jewellery
 e - a ring of protection from fire (left hand)
 f - an amulet of the gourmand (around neck)
 k - an uncursed ring of ice {unknown}
 m - a +4 ring of protection (right hand)
 q - an uncursed amulet of rage {unknown}
Wands
 r - a wand of polymorph (8)
Scrolls
 b - 2 scrolls of fear
 i - a scroll of noise
 j - a scroll of blinking {unknown}
 o - 2 scrolls of teleportation {unknown}
 u - 3 scrolls of identify {unknown}
Potions
 d - a potion of heal wounds {unknown}
 g - a potion of magic {unknown}
 l - a potion of resistance {unknown}
 s - a potion of agility {unknown}
 t - a potion of ambrosia {unknown}
 v - a potion of mutation {unknown}
 w - a potion of curing {unknown}
Comestibles
 c - 7 rations
 p - 2 chunks of flesh


   Skills:
 * Level 10.5 Fighting
 - Level 2.6 Long Blades
 - Level 2.1 Armour
 - Level 1.5 Dodging


You had 7 spell levels left.
You didn't know any spells.

Dungeon Overview and Level Annotations

Branches:
Dungeon (5/15)
 Temple: D:4-7

Altars:
Gozag
Nemelex Xobeh
Uskayaw
Vehumet
Yredelemnul
The Shining One


Innate Abilities, Weirdness & Mutations

You are resistant to torment.
Your stone body is resilient. (AC +5)
You are immune to poison.
You resist negative energy. (rN+)
You are resistant to electric shocks. (rElec)
You can survive without breathing.
You are immune to petrification.
You are immune to rotting.


Message History

The ogre is heavily wounded.
You slash the ogre!
The ogre is severely wounded.
You recover from your berserk rage.
The ogre barely misses you.
You hit the ogre but do no damage.
The ogre is severely wounded.
The ogre hits you with a giant club!
You barely miss the ogre.
The ogre is severely wounded.
The ogre hits you with a giant club!
* * * LOW HITPOINT WARNING * * *
You slash the ogre!
The ogre is almost dead.
The ogre closely misses you.
You riposte.
You closely miss the ogre.
The ogre is almost dead.
You closely miss the ogre.
The ogre is almost dead.
The ogre hits you with a giant club!
You die...

▒········⌠·⌠····▒▒
·
▒··········▒·▒▒▒▒
▒····>·····▒·▒▒
···▒········▒··▒
▒···▒····▒▒·▒▒
▒·····?······▒
▒·····▒·······▒▒
▒···▒▒··········▒▒
▒▒▒····)··@······▒
▒▒▒▒·····O······
▒···········▒
▒▒·········▒▒
▒▒···▒···▒▒
▒▒▒▒▒▒▒▒▒


You could see an ogre.

Vanquished Creatures
  The ghost of DEFE the Sneak, a novice DEAr of Vehumet (D:5)
  Sigmund (D:3)
  An ogre (D:4)
  A scorpion (D:4)
  The ghost of tidbits the Sneak, a weakling GnWn (D:3)
  A howler monkey (D:4)
  A crimson imp (D:5)
  A centaur zombie (D:5)
  2 worker ants
  Natasha (thrice) (D:4)
  5 adders
  An ooze (D:2)
  2 worms (D:3)
  A dart slug (D:2)
  3 leopard geckos (D:3)
  9 orcs
  2 ball pythons
  8 giant cockroaches
  2 gnoll zombies (D:2)
  10 goblins
  4 hobgoblins
  3 jackals (D:1)
  4 kobolds
  2 quokkas
  5 bats
  4 frilled lizards
  5 rats
83 creatures vanquished.

Notes
Turn   | Place    | Note
-------+----------+-------------------------------------------
     0 | D:1      | Azzok the Gargoyle Berserker began the quest for the Orb.
     0 | D:1      | Reached XP level 1. HP: 14/14 MP: 1/1
   172 | D:1      | Reached XP level 2. HP: 20/20 MP: 2/2
   228 | D:1      | Reached skill level 4 in Fighting
   699 | D:2      | Reached ** piety under Trog
   699 | D:2      | Reached XP level 3. HP: 24/24 MP: 3/3
   807 | D:2      | Found an opulent altar of Gozag.
   808 | D:2      | Found a hide-covered altar of Uskayaw.
   889 | D:2      | Found a basalt altar of Yredelemnul.
   970 | D:2      | Found a faded altar of an unknown god.
  1073 | D:2      | Reached skill level 5 in Fighting
  1162 | D:2      | Found a radiant altar of Vehumet.
  1397 | D:2      | Reached XP level 4. HP: 25/31 MP: 4/4
  1812 | D:3      | Noticed Sigmund
  1821 | D:3      | Killed Sigmund
  1821 | D:3      | Reached skill level 7 in Fighting
  1821 | D:3      | Reached XP level 5. HP: 38/38 MP: 5/5
  1821 | D:3      | Reached XP level 6. HP: 44/44 MP: 6/6
  2011 | D:3      | Noticed tidbits's ghost (weakling GnWn)
  2023 | D:3      | Killed tidbits's ghost
  2023 | D:3      | Reached *** piety under Trog
  2226 | D:4      | Reached skill level 8 in Fighting
  2341 | D:4      | Noticed Natasha
  2355 | D:4      | Killed Natasha
  2376 | D:4      | Reached XP level 7. HP: 27/50 MP: 7/7
  2663 | D:4      | Found a glowing golden altar of the Shining One.
  2693 | D:4      | Noticed Natasha
  2706 | D:4      | Killed Natasha
  2810 | D:4      | Noticed Natasha
  2822 | D:4      | Killed Natasha
  2935 | D:4      | Reached skill level 9 in Fighting
  3250 | D:5      | Entered Level 5 of the Dungeon
  3250 | D:5      | Found a sparkling altar of Nemelex Xobeh.
  3401 | D:5      | Noticed DEFE's ghost (novice DEAr)
  3412 | D:5      | Killed DEFE's ghost
  3412 | D:5      | Reached skill level 10 in Fighting
  3412 | D:5      | Reached XP level 8. HP: 58/58 MP: 8/8
  3454 | D:5      | Mangled by an ogre

Vault maps used:
D:1:      minmay_arrival_three_doors
D:2:      gammafunk_temple_overflow_statue, lemuel_zombie_altar_yredelemnul,
          vehumet_crystals, first_ration, chequers_ecumenical_altar_island
D:3:      nicolae_tso_swordbearing_angel, uniq_sigmund
D:4:      old_standard_altar, uniq_natasha
D:5:      nemelex_xobeh_ov_fountains_minmay, lemuel_crystal_altar,
          nicolae_overflow_hidden_temple, serial_shops, kennysheep_little_box

Skill      XL: |  1  2  3  4  5  6  7 |
---------------+----------------------+-----
Fighting       | 4 5 7 8 10 | 10.5
Long Blades    | |  2.6
Armour         | |  2.1
Dodging        | |  1.5

Action                   |  1- 3 |  4- 6 |  7- 9 || total
-------------------------+-------+-------+-------++-------
Melee: Falchion          |   121 |    95 |   153 ||   369
Invok: Berserk           |       |     3 |     2 ||     5
  Use: Scroll            |       |     5 |       ||     5
  Eat: Chunk             |     8 |     9 |     7 ||    24
Armor: Animal skin       |     7 |       |       ||     7
       Ring mail         |    65 |    42 |    96 ||   203
Dodge: Dodged            |    80 |    55 |   114 ||   249
       Rpst.: Falchion   |    29 |    22 |    37 ||    88

Table legend:
 A = Spawn XP
 B = Non-spawn XP
 C = Spawn XP percentage of total XP
 D = Spawn monster count
 E = Non-spawn monster count
 F = Spawn count percentage of total count
 G = Total turns spent on level
                    A         B        C        D         E        F      G
               +---------+---------+-------+---------+---------+-------+---------
         Total |       0 |    1426 |   0.0 |       0 |      83 |   0.0 |  3454
               +---------+---------+-------+---------+---------+-------+---------
           D:1 |       0 |      31 |   0.0 |       0 |      20 |   0.0 |   680
           D:2 |       0 |      57 |   0.0 |       0 |      21 |   0.0 |   832
           D:3 |       0 |     344 |   0.0 |       0 |      19 |   0.0 |   576
           D:4 |       0 |     412 |   0.0 |       0 |      15 |   0.0 |  1162
           D:5 |       0 |     582 |   0.0 |       0 |       8 |   0.0 |   204
               +---------+---------+-------+---------+---------+-------+---------
